 Dungeon Crawl Stone Soup version 0.23.1 (webtiles) character file.

Game seed: 437320929508209059

55350 Peloso the Fencer (level 14, -5/129 HPs)
             Began as a Minotaur Fighter on Mar 3, 2019.
             Was the Champion of Okawaru.
             Slain by a death yak (12 damage)
             ... on level 5 of the Lair of Beasts.
             The game lasted 00:44:34 (18243 turns).

Peloso the Fencer (Minotaur Fighter)               Turns: 18243, Time: 00:44:35

Health: -5/129     AC: 20    Str: 25    XL:     14   Next: 38%
Magic:  13/15      EV: 12    Int:  5    God:    Okawaru [******]
Gold:   1034       SH: 12    Dex: 11    Spells: 13/13 levels left

rFire    . . .     SeeInvis .   k - +0 scimitar (flame)
rCold    . . .     Gourm    +   H - +3 buckler "Qumud" {rPois}
rNeg     . . .     Faith    .   w - +1 plate armour
rPois    +         Spirit   .   (helmet restricted)
rElec    .         Reflect  .   m - +1 cloak
rCorr    .         Harm     .   n - +1 pair of gloves {archery}
MR       +....                  (no boots)
Stlth    ..........             D - amulet of the gourmand
HPRegen  0.31/turn              G - +3 ring of protection
MPRegen  0.14/turn              (no ring)

@: heroism, corroded
A: retaliatory headbutt, horns 2
a: Heroism, Finesse, Renounce Religion


You were on level 5 of the Lair of Beasts.
You worshipped Okawaru.
Okawaru was exalted by your worship.
You were very full.

You visited 3 branches of the dungeon, and saw 18 of its levels.
You also visited: Sewer and Gauntlet.

You collected 1177 gold pieces.
You spent 143 gold pieces at shops.

Inventory:

Hand Weapons
 a - a +3 long sword
 k - a +0 scimitar of flaming (weapon)
 Q - a +2 scimitar of protection
Armour
 b - a +0 scale mail
 c - a +0 shield
 m - a +1 cloak (worn)
 n - a +1 pair of gloves of archery (worn)
 w - a +1 plate armour (worn)
 H - the +3 buckler "Qumud" (worn) {rPois}
   (Okawaru gifted it to you on level 9 of the Dungeon)

   It protects you from poison.
 O - a scarf of resistance
Jewellery
 r - the amulet of the Past {RegenMP rF- Int+3 Dex+2}
   (You found it in a Gauntlet)

   [amulet of magic regeneration]

   It increases your magic regeneration.
   It affects your intelligence (+3).
   It affects your dexterity (+2).
   It makes you vulnerable to fire.
 s - an uncursed amulet of rage
 D - an amulet of the gourmand (around neck)
 G - a +3 ring of protection (left hand)
 K - a +3 ring of evasion
 P - a +2 ring of intelligence {unknown}
Wands
 v - a wand of flame (14)
 x - a wand of iceblast (5)
 C - a wand of digging (6)
 I - a wand of random effects (39)
 J - a wand of acid (3)
Scrolls
 e - 6 scrolls of teleportation
 h - 9 scrolls of remove curse
 i - a scroll of blinking {unknown}
 o - 3 scrolls of magic mapping
 q - a scroll of random uselessness {unknown}
 t - 3 scrolls of amnesia {unknown}
 u - 4 scrolls of fog {unknown}
 y - 5 scrolls of identify
 B - 4 scrolls of enchant weapon {unknown}
 F - a scroll of fear
 M - a scroll of noise {unknown}
Potions
 d - 2 potions of might
 g - 2 potions of invisibility
 j - 5 potions of flight
 l - 8 potions of curing
 p - 5 potions of heal wounds
 z - a potion of agility
 A - 2 potions of brilliance
 E - a potion of haste {unknown}
 N - a potion of mutation {unknown}
Miscellaneous
 L - a fan of gales
Comestibles
 f - 43 rations


   Skills:
 + Level 13.2(18.2) Fighting
 + Level 16.2(21.2) Long Blades
 + Level 13.5(18.5) Armour
 + Level 4.2(9.2) Dodging
 + Level 1.3(6.3) Stealth
 + Level 15.5(20.5) Shields
 + Level 3.4 Invocations
 + Level 0.3 Evocations


You had 13 spell levels left.
You didn't know any spells.
Your spell library contained the following spells:

 Spells                   Type           Power        Failure   Level  Hunger
 Animate Skeleton         Necr           N/A          97%         1    ##.....
 Apportation              Tloc           #.....       97%         1    ##.....
 Confusing Touch          Hex            #.....       97%         1    ##.....
 Magic Dart               Conj           #...         97%         1    ##.....
 Pain                     Necr           #...         97%         1    ##.....
 Sandblast                Erth           #.....       97%         1    ##.....
 Summon Butterflies       Summ           #.......     97%         1    ##.....
 Summon Small Mammal      Summ           #...         97%         1    ##.....
 Blink                    Tloc           N/A          99%         2    ###....
 Call Imp                 Summ           #.......     99%         2    ###....
 Passwall                 Tmut/Erth      #.......     99%         2    ###....
 Shroud of Golubria       Chrm/Tloc      #.........   99%         2    ###....
 Slow                     Hex            #.......     99%         2    ###....
 Call Canine Familiar     Summ           #.......     100%        3    ####...
 Confuse                  Hex            #.......     100%        3    ####...
 Conjure Flame            Conj/Fire      #.......     100%        3    ####...
 Gell's Gravitas          Tloc           #.........   100%        3    ####...
 Lesser Beckoning         Tloc           #.........   100%        3    ####...
 Mephitic Cloud           Conj/Pois/Air  #.......     100%        3    ####...
 Regeneration             Chrm/Necr      #.........   100%        3    ####...
 Stone Arrow              Conj/Erth      #.....       100%        3    ####...
 Summon Guardian Golem    Hex/Summ       #.......     100%        3    ####...
 Teleport Other           Tloc           #.......     100%        3    ####...
 Tukima's Dance           Hex            #.......     100%        3    ####...
 Vampiric Draining        Necr           #.........   100%        3    ####...
 Animate Dead             Necr           N/A          100%        4    #####..
 Passage of Golubria      Tloc           N/A          100%        4    #####..
 Petrify                  Tmut/Erth      #.......     100%        4    #####..
 Summon Ice Beast         Ice/Summ       #.......     100%        4    #####..
 Summon Lightning Spire   Summ/Air       #.......     100%        4    #####..
 Alistair's Intoxication  Tmut/Pois      #.......     100%        5    ######.
 Lee's Rapid Deconstruct  Erth           #.........   100%        5    ######.
 Metabolic Englaciation   Hex/Ice        #.........   100%        5    ######.
 Yara's Violent Unravell  Hex/Tmut       #.........   100%        5    ######.
 Invisibility             Hex            #.......     100%        6    #######


Dungeon Overview and Level Annotations

Branches:
Dungeon (11/15)            Temple (1/1) D:4            Lair (6/6) D:10
 Shoals (0/4) Lair:3        Snake (0/4) Lair:3        Slime (0/5) Lair:5
    Orc: D:9-12

Altars:
Ashenzari
Cheibriados
Dithmenos
Elyvilon
Fedhas
Gozag
Hepliaklqana
Kikubaaqudgha
Makhleb
Nemelex Xobeh
Okawaru
Qazlal
Ru
Sif Muna
Trog
Uskayaw
Vehumet
Wu Jian
Xom
Yredelemnul
Zin
The Shining One
Jiyva

Shops:
D:6 !   D:11 (

Annotations:
Lair:5 1 runed translucent door, DildoBatman's ghost, journeyman OpWz


Innate Abilities, Weirdness & Mutations

You reflexively headbutt those who attack you in melee.
You have a pair of horns on your head.


Message History

The entropy weaver looks frightened!
You block the death yak's attack.
There is an escape hatch in the ceiling here.
The death yak barely misses you. A mysterious force pulls you upwards.
The hatch slams shut behind you.
Level annotation: 1 runed translucent door, DildoBatman's ghost, journeyman OpWz You gain the combat prowess of a mighty hero.
The death yak gores you but does no damage.
You hit the death yak but do no damage.
Unknown command.
You hit the death yak but do no damage. The death yak gores you!!
* * * LOW HITPOINT WARNING * * *
You hit the death yak. You burn the death yak. You headbutt the death yak!
The death yak is lightly wounded.
The death yak gores you!
* * * LOW HITPOINT WARNING * * *
You hit the death yak but do no damage.
You headbutt the death yak, but do no damage.
The death yak is lightly wounded.
The death yak gores you!
You die...

#......###### #....#...
#...........# ##### #...P#...
#...........## ##.#.#####........
#...#........# #..#...P.....P....
###..........###.................
#.........###.........P........
#.........##.....P.............
#.........#P..Y...........#....
###..(..........@...#.#.....#....
.........P...........##.....P...#
.........................PP.....#
............#..............P....#
#.................)..............
#..............................##
##............................###
.#............................#.#
#....#..<...♣♣♣♣.................


You could see a death yak.

Vanquished Creatures
  An entropy weaver (Lair:6)
  A minotaur (Gauntlet)
  5 hydras
  A catoblepas (Lair:6)
  4 two-headed ogres
  13 death yaks
  A queen ant (Lair:5)
  Sonja (Lair:6)
  An unseen horror (D:11)
  A necromancer (Gauntlet)
  A cyclops (D:11)
  19 elephants
  4 black mambas
  An apocalypse crab (Gauntlet)
  9 spiny frogs
  A centaur skeleton (D:11)
  A kobold demonologist (D:11)
  3 rime drakes
  4 komodo dragons
  2 trolls
  A queen bee (D:11)
  2 polar bears (Lair:2)
  5 hippogriffs
  4 wyverns
  39 yaks
  A basilisk (Lair:3)
  A hungry ghost (D:8)
  A steam dragon (D:10)
  Menkaure (D:4)
  19 soldier ants
  9 water moccasins
  13 porcupines
  4 orc warriors
  An eye of draining (D:9)
  6 ogres
  A black bear (D:8)
  3 phantoms
  5 sky beasts
  4 ice beasts
  7 centaurs
  18 wolves
  15 crocodiles
  5 big kobolds
  11 bullfrogs
  A gnoll sergeant (D:11)
  2 scorpions (D:10)
  33 killer bees
  9 wights
  5 howler monkeys
  4 crimson imps
  A bullfrog zombie (D:7)
  A quasit (D:9)
  3 jellies (D:8)
  3 orc priests
  8 orc wizards
  4 bullfrog skeletons
  5 iguanas
  32 worker ants
  A killer bee zombie (D:10)
  2 hound zombies
  A hound skeleton (D:6)
  10 gnolls
  20 adders
  3 river rats (Sewer)
  3 shadow imps
  2 oozes
  2 adder zombies
  7 worms
  2 dart slugs
  5 leopard geckos
  31 orcs
  3 bat zombies (D:8)
  11 giant cockroaches
  7 goblins
  15 hobgoblins
  5 jackals
  6 quokkas
  7 ball pythons
  5 bats
  8 frilled lizards
  2 jackal skeletons
  19 kobolds
  A leopard gecko skeleton (D:7)
  A quokka skeleton (D:5)
  12 rats
  A rat zombie (D:8)
  A plant (D:3)
554 creatures vanquished.

Vanquished Creatures (others)
  A bush (Lair:6)
  A demonic plant (Gauntlet)
  14 fungi
  20 plants
36 creatures vanquished.

Grand Total: 590 creatures vanquished

Notes
Turn   | Place    | Note
-------+----------+-------------------------------------------
     0 | D:1      | Peloso the Minotaur Fighter began the quest for the Orb.
     0 | D:1      | Reached XP level 1. HP: 19/19 MP: 0/0
   103 | D:1      | Reached XP level 2. HP: 10/27 MP: 1/1
   603 | D:1      | Reached XP level 3. HP: 31/33 MP: 2/2
   668 | D:1      | Reached skill level 3 in Long Blades
  1075 | D:2      | Found a faded altar of an unknown god.
  1617 | D:3      | Reached XP level 4. HP: 40/40 MP: 3/3
  1847 | D:3      | Reached XP level 5. HP: 15/47 MP: 4/4
  2097 | D:3      | Reached skill level 4 in Long Blades
  2108 | D:3      | Reached skill level 1 in Dodging
  2587 | D:4      | Noticed Menkaure
  2600 | D:4      | Killed Menkaure
  2600 | D:4      | Reached skill level 5 in Long Blades
  2600 | D:4      | Reached skill level 5 in Armour
  2600 | D:4      | Reached skill level 5 in Shields
  2600 | D:4      | Reached XP level 6. HP: 27/55 MP: 5/5
  2808 | D:4      | Found a staircase to the Ecumenical Temple.
  2820 | Temple   | Entered the Ecumenical Temple
  2827 | Temple   | Became a worshipper of Warmaster Okawaru
  3000 | D:4      | Reached skill level 5 in Fighting
  3032 | D:4      | Reached skill level 6 in Long Blades
  3032 | D:4      | Reached XP level 7. HP: 16/61 MP: 6/6
  3243 | D:4      | Found a hide-covered altar of Uskayaw.
  3243 | D:4      | Found a hazy altar of Hepliaklqana.
  3248 | D:4      | Found a snail-covered altar of Cheibriados.
  3250 | D:4      | Found a blossoming altar of Fedhas.
  3252 | D:4      | Found a faded altar of an unknown god.
  3352 | D:4      | Reached * piety under Okawaru
  3762 | D:5      | Entered Level 5 of the Dungeon
  3791 | D:5      | Found a glowing drain.
  3811 | Sewer    | Entered a sewer
  4077 | Sewer    | Reached skill level 7 in Long Blades
  4209 | Sewer    | Reached XP level 8. HP: 27/69 MP: 7/7
  4718 | D:5      | Reached ** piety under Okawaru
  4771 | D:5      | Found a basalt altar of Yredelemnul.
  4850 | D:5      | Reached skill level 8 in Long Blades
  4862 | D:5      | Found a radiant altar of Vehumet.
  5405 | D:6      | Found a glowing golden altar of the Shining One.
  5684 | D:6      | Found Watem's Distillery.
  5688 | D:6      | Reached skill level 9 in Long Blades
  5691 | D:6      | Reached XP level 9. HP: 78/78 MP: 8/8
  5699 | D:6      | Bought a potion of agility for 52 gold pieces
  5699 | D:6      | Bought a potion of curing for 39 gold pieces
  5699 | D:6      | Bought a potion of brilliance for 52 gold pieces
  5982 | D:7      | Noticed a troll
  5991 | D:7      | Killed a troll
  6063 | D:7      | Reached *** piety under Okawaru
  6316 | D:7      | Found a glowing golden altar of the Shining One.
  7075 | D:8      | Reached skill level 10 in Long Blades
  7227 | D:8      | Reached **** piety under Okawaru
  7321 | D:8      | Reached XP level 10. HP: 69/86 MP: 9/9
  7416 | D:8      | Found an ancient bone altar of Kikubaaqudgha.
  7897 | D:9      | Found a stormy altar of Qazlal.
  7942 | D:9      | Reached skill level 11 in Long Blades
  7979 | D:9      | Reached ***** piety under Okawaru
  7979 | D:9      | Reached skill level 10 in Shields
  8024 | D:9      | Noticed a two-headed ogre
  8033 | D:9      | Killed a two-headed ogre
  8033 | D:9      | Received a gift from Okawaru
  8036 | D:9      | Got a pitted buckler {god gift}
  8047 | D:9      | Identified the +3 buckler "Qumud" {rPois} (Okawaru gifted
                  | it to you on level 9 of the Dungeon)
  8082 | D:9      | Found a sacrificial altar of Ru.
  8309 | D:9      | Found a sparkling altar of Nemelex Xobeh.
  8329 | D:9      | Noticed a two-headed ogre
  8346 | D:9      | Killed a two-headed ogre
  8473 | D:10     | Entered Level 10 of the Dungeon
  8476 | D:10     | Noticed a two-headed ogre
  8493 | D:10     | Killed a two-headed ogre
  8703 | D:10     | Reached skill level 12 in Long Blades
  8703 | D:10     | Reached XP level 11. HP: 94/94 MP: 10/10
  8785 | D:10     | Noticed a two-headed ogre
  8794 | D:10     | Killed a two-headed ogre
  8830 | D:10     | Found a shimmering altar of Xom.
  8928 | D:10     | Reached skill level 10 in Armour
  9566 | D:10     | Found a staircase to the Lair.
 10276 | D:11     | Reached skill level 13 in Long Blades
 10381 | D:11     | Found Nab Xura's Weapon Emporium.
 10645 | D:11     | Killed an unseen horror
 10664 | D:11     | Reached ****** piety under Okawaru
 10804 | D:11     | Received a gift from Okawaru
 11038 | Lair:1   | Entered Level 1 of the Lair of Beasts
 11139 | Lair:1   | Reached XP level 12. HP: 102/106 MP: 11/11
 11408 | Lair:1   | Reached skill level 10 in Fighting
 11941 | Lair:2   | Reached skill level 14 in Long Blades
 11949 | Lair:2   | Received a gift from Okawaru
 11971 | Lair:2   | Found a gate leading to a gauntlet.
 11997 | Gauntlet | Entered a Gauntlet
 11997 | Gauntlet | Found a transporter.
 11997 | Gauntlet | Noticed a death yak
 11997 | Gauntlet | Noticed a death yak
 11998 | Gauntlet | Noticed a death yak
 11999 | Gauntlet | Noticed a death yak
 12000 | Gauntlet | Found a transporter.
 12001 | Gauntlet | Noticed a death yak
 12003 | Gauntlet | Noticed a death yak
 12006 | Gauntlet | Found the +0 Maxwell's etheric cage {RegenMP+ *Contam rElec
                  | MP+4}
 12006 | Gauntlet | Found a transporter.
 12006 | Gauntlet | Found a transporter.
 12008 | Gauntlet | Found a transporter.
 12010 | Gauntlet | Found a transporter.
 12017 | Gauntlet | Found a transporter.
 12018 | Gauntlet | Found a transporter.
 12087 | Gauntlet | Found a transporter.
 12089 | Gauntlet | Found a transporter.
 12093 | Gauntlet | Found a transporter.
 12104 | Gauntlet | Found a transporter.
 12252 | Gauntlet | Killed a death yak
 12257 | Gauntlet | Killed a death yak
 12257 | Gauntlet | Reached skill level 1 in Stealth
 12262 | Gauntlet | Killed a death yak
 12275 | Gauntlet | Killed a death yak
 12275 | Gauntlet | Reached skill level 1 in Invocations
 12284 | Gauntlet | Killed a death yak
 12290 | Gauntlet | Killed a death yak
 12290 | Gauntlet | Received a gift from Okawaru
 12674 | Gauntlet | Got a clouded ivory amulet
 12676 | Gauntlet | Identified the amulet of the Past {RegenMP rF- Int+3 Dex+2}
                  | (You found it in a Gauntlet)
 12691 | Gauntlet | Noticed a minotaur
 12701 | Gauntlet | Killed a minotaur
 12952 | Lair:2   | You fall through a shaft for 2 floors!
 12958 | Lair:4   | Noticed an eight-headed hydra
 12973 | Lair:4   | Killed a four-headed hydra
 13358 | Lair:4   | Noticed a death yak
 13358 | Lair:4   | Noticed a death yak
 13359 | Lair:4   | Noticed a death yak
 13373 | Lair:4   | Killed a death yak
 13376 | Lair:4   | Noticed a death yak
 13381 | Lair:4   | Noticed a death yak
 13382 | Lair:4   | Noticed a death yak
 13386 | Lair:4   | Killed a death yak
 13399 | Lair:4   | Killed a death yak
 13399 | Lair:4   | Reached XP level 13. HP: 59/116 MP: 14/14
 13408 | Lair:4   | Reached skill level 15 in Long Blades
 14120 | Lair:3   | Received a gift from Okawaru
 14125 | Lair:3   | Found a staircase to the Shoals.
 14445 | Lair:3   | Found a staircase to the Snake Pit.
 15099 | Lair:3   | You fall through a shaft!
 16127 | Lair:5   | Found a runed translucent door.
 16127 | Lair:5   | Found a viscous altar of Jiyva.
 16127 | Lair:5   | Found a staircase to the Slime Pits.
 16131 | Lair:5   | Noticed DildoBatman's ghost (journeyman OpWz)
 16132 | Lair:5   | Identified the +6 spear of Prescription {flame, rElec
                  | Stlth+}
 16143 | Lair:5   | Received a gift from Okawaru
 16631 | Lair:6   | Entered Level 6 of the Lair of Beasts
 16636 | Lair:6   | Noticed Sonja
 16648 | Lair:5   | Reached skill level 15 in Shields
 16815 | Lair:6   | Killed Sonja
 16885 | Lair:6   | Reached XP level 14. HP: 114/127 MP: 15/15
 17168 | Lair:6   | Received a gift from Okawaru
 17390 | Lair:6   | Noticed an entropy weaver
 17407 | Lair:6   | Killed an entropy weaver
 17429 | Lair:6   | Reached skill level 16 in Long Blades
 18216 | Lair:6   | Noticed an entropy weaver
 18243 | Lair:5   | Slain by a death yak

Skill      XL: |  1  2  3  4  5  6  7  8  9 10 11 12 13 14 |
---------------+-------------------------------------------+-----
Fighting       | 4 5 6 7 8 9 11 12 13 | 13.2
Armour         | 4 5 6 7 8 9 10 12 13 | 13.5
Shields        | 4 5 6 7 9 11 12 13 15 | 15.5
Long Blades    | 3 5 6 7 9 10 12 13 14 15 16 | 16.2
Dodging        | 1 2 3 4 |  4.2
Stealth        | 1 |  1.3
Invocations    | 2 3 |  3.4
Evocations     | |  0.3

Action                   |  1- 3 |  4- 6 |  7- 9 | 10-12 | 13-15 || total
-------------------------+-------+-------+-------+-------+-------++-------
Melee: Long sword        |   110 |   140 |   510 |   731 |       ||  1491
       Headbutt          |    19 |    31 |    96 |   194 |   218 ||   558
       Scimitar          |       |       |       |    71 |   684 ||   755
Invok: Heroism           |       |       |       |     5 |     4 ||     9
       Finesse           |       |       |       |     3 |       ||     3
Evoke: Wand              |       |       |       |     1 |     3 ||     4
  Use: Scroll            |       |       |    10 |     5 |     1 ||    16
       Potion            |       |       |       |     1 |       ||     1
 Stab: Petrifying        |       |       |       |       |     1 ||     1
       Petrified         |       |       |       |       |     1 ||     1
  Eat: Chunk             |     2 |     5 |    19 |    31 |    15 ||    72
Armor: Scale mail        |    35 |    47 |     2 |       |       ||    84
       Plate armour      |       |       |   181 |   331 |   381 ||   893
Dodge: Dodged            |    32 |    40 |   121 |   371 |   203 ||   767
Block: Shield            |    54 |    62 |   255 |    85 |       ||   456
       Buckler           |       |       |       |   315 |   344 ||   659
       Rpst.: Long sword |     9 |     8 |    34 |    79 |       ||   130
       Scimitar          |       |       |       |     2 |    56 ||    58
